[Event "ICC tourney 1970 (45 10)"]
[Site "Internet Chess Club"]
[Date "2020.08.23"]
[Round "7"]
[White "ishban"]
[Black "cappyal"]
[Result "0-1"]
[ICCResult "White checkmated"]
[WhiteElo "964"]
[BlackElo "466"]
[Opening "Scotch game"]
[ECO "C45"]
[NIC "SO.04"]
[Time "16:02:25"]
[TimeControl "2700+10"]

1. e4 e5 2. Nf3 Nc6 3. d4 exd4 4. Nxd4 Nxd4 5. Qxd4 Nf6 6. e5 Qe7 7. Be2 Ng8
8. Nc3 Qd8 9. Bf4 Be7 10. O-O Nh6 11. Bf3 d6 12. exd6 Bxd6 13. Bxd6 Qxd6 14.
Qxd6 cxd6 15. Rfe1+ Be6 16. Bxb7 Rb8 17. Bd5 O-O 18. Bxe6 fxe6 19. Rxe6 Rxb2
20. Rc1 Rd8 21. h3 Nf5 22. Re2 Rc8 23. Ne4 Rxa2 24. Rd2 a5 25. g4 Nh4 26.
Nxd6 Rd8 27. Nc4 Nf3+ 28. Kg2 Nxd2 29. Nxd2 Rxd2 30. c4 Rac2 31. Rxc2 Rxc2
32. Kf1 a4 33. Ke1 a3 34. Kd1 Rxc4 35. Ke1 a2 36. Kf1 a1=Q+ 37. Kg2 Qa8+ 38.
Kg3 g5 39. h4 gxh4+ 40. Kxh4 Qe4 41. Kh3 Qxg4+ 42. Kh2 Rc2 43. Kh1 Qh3+ 44.
Kg1 Rc1# {White checkmated} 0-1

[Event "ICC tourney 1970 (45 10)"]
[Site "Internet Chess Club"]
[Date "2020.08.23"]
[Round "7"]
[White "JKnapp"]
[Black "funstyle"]
[Result "0-1"]
[ICCResult "White resigns"]
[WhiteElo "790"]
[BlackElo "1056"]
[Opening "Queen's pawn: Chigorin variation"]
[ECO "D00"]
[NIC "QP.08"]
[Time "16:02:41"]
[TimeControl "2700+10"]

1. d4 d5 2. Nc3 Nf6 3. Nf3 Bf5 4. Bg5 c6 5. Bxf6 exf6 6. e3 Bd6 7. Bd3 Bg4
8. O-O O-O 9. e4 dxe4 10. Nxe4 Bc7 11. Be2 f5 12. Ng3 Nd7 13. Qd3 Nf6 14.
Nxf5 Bxf5 15. Qxf5 Qd6 16. Bd3 Rfe8 17. Rfe1 b6 18. c4 Rxe1+ 19. Rxe1 h6 20.
g3 Qb4 21. Re3 Qxb2 22. Ne5 Qxd4 23. Nxc6 Qd6 24. Ne7+ Kf8 25. Nd5 Rd8 26.
Nxf6 Qxf6 27. Qh7 g6 28. Qxh6+ Kg8 29. Kg2 Qc6+ 30. Be4 Qxc4 31. Bxg6 Qc6+
32. Be4 Qxh6 {White resigns} 0-1

[Event "ICC tourney 1970 (45 10)"]
[Site "Internet Chess Club"]
[Date "2020.08.23"]
[Round "7"]
[White "Alexpnng"]
[Black "DiamondUnicorn"]
[Result "1-0"]
[ICCResult "Black checkmated"]
[WhiteElo "1207"]
[BlackElo "499"]
[Opening "QGD: 4.Bg5 Nbd7"]
[ECO "D51"]
[NIC "QO.16"]
[Time "16:02:29"]
[TimeControl "2700+10"]

1. d4 d5 2. c4 e6 3. Nc3 Nf6 4. Bg5 Nbd7 5. cxd5 exd5 6. Nxd5 Nxd5 7. Bxd8
Bb4+ 8. Qd2 Bxd2+ 9. Kxd2 Kxd8 10. e4 N5b6 11. Nf3 Ke7 12. Bd3 Re8 13. Rac1
c6 14. e5 Nd5 15. Rhe1 h6 16. Be4 N5b6 17. Nh4 Kf8 18. Nf5 Kg8 19. Re3 Nf8
20. Rg3 Ng6 21. Nd6 Rd8 22. Bxg6 fxg6 23. Rxg6 Rf8 24. f3 Kh7 25. Rg3 Be6
26. Nxb7 Rac8 27. Nd6 Rc7 28. Nb5 Rd7 29. Rxc6 Bxa2 30. Rc3 Bf7 31. Rc6 Rc8
32. Rxc8 Nxc8 33. f4 a6 34. Nc3 Rxd4+ 35. Ke3 Rb4 36. f5 Rxb2 37. e6 Be8 38.
Kf4 Nd6 39. Nd5 Rb5 40. Ke5 Nxf5 41. Kxf5 Rxd5+ 42. Ke4 Rd6 43. Ke5 Rd2 44.
e7 Re2+ 45. Kd6 Kg8 46. Rf3 Rd2+ 47. Kc7 Rd7+ 48. Kb6 Rxe7 49. Kxa6 Re2 50.
Rg3 Bc6 51. Kb6 Bxg2 52. Kc5 Be4 53. Kd4 Bh7 54. h4 Re4+ 55. Kd5 Rxh4 56.
Ke6 Re4+ 57. Kd5 h5 58. Rh3 Bg6 59. Rg3 Rg4 60. Re3 h4 61. Ke5 Rg3 62. Re2
Rh3 63. Rg2 Rg3 64. Rh2 Rg4 65. Ke6 Re4+ 66. Kd5 Ra4 67. Ke6 Rf4 68. Ke5 Ra4
69. Ke6 Bd3 70. Rd2 Bf1 71. Kf5 h3 72. Kg6 Rh4 73. Rd8# {Black checkmated}
1-0

[Event "ICC tourney 1970 (45 10)"]
[Site "Internet Chess Club"]
[Date "2020.08.23"]
[Round "7"]
[White "april2012"]
[Black "piforeveryone"]
[Result "0-1"]
[ICCResult "White checkmated"]
[WhiteElo "833"]
[BlackElo "1095"]
[Opening "Queen's pawn: London system"]
[ECO "A45"]
[NIC "QP.07"]
[Time "16:02:31"]
[TimeControl "2700+10"]

1. d4 Nf6 2. Bf4 c5 3. e3 Qb6 4. b3 Nc6 5. c3 d5 6. Bd3 Nd7 7. Nd2 e5 8.
dxe5 Ndxe5 9. Bc2 Bd6 10. Ngf3 O-O 11. Nxe5 Nxe5 12. O-O Be6 13. Nf3 Nxf3+
14. Qxf3 Rfd8 15. Bxd6 Qxd6 16. Rad1 Qe5 17. e4 Qg5 18. Qe2 Bh3 19. f3 b5
20. Kh1 Bd7 21. exd5 Re8 22. Qd2 Qd8 23. Rfe1 Qa5 24. Bd3 Rad8 25. c4 Qxd2
26. Rxd2 Rxe1+ 27. Bf1 Rxf1# {White checkmated} 0-1

[Event "ICC tourney 1970 (45 10)"]
[Site "Internet Chess Club"]
[Date "2020.08.23"]
[Round "7"]
[White "hustlficc"]
[Black "LittlePawn135"]
[Result "1-0"]
[ICCResult "Black resigns"]
[WhiteElo "665"]
[BlackElo "404"]
[Opening "Philidor's defense"]
[ECO "C41"]
[NIC "KP.10"]
[Time "16:02:31"]
[TimeControl "2700+10"]

1. e4 e5 2. Nf3 d6 3. Bc4 Bg4 4. O-O Nf6 5. h3 Bxf3 6. Qxf3 Nc6 7. Re1 Nd4
8. Qd3 Nd7 9. Na3 Nc5 10. Qg3 Qf6 11. c3 Nc6 12. Nb5 O-O-O 13. Bd5 Kb8 14.
d4 exd4 15. Bxc6 bxc6 16. Nxd4 h6 17. Nxc6+ Kb7 18. Nxd8+ Qxd8 19. Qf3 f6
20. e5+ Kb8 21. exd6 Bxd6 22. Bd2 Re8 23. Rxe8 Qxe8 24. Re1 Qg6 25. Qc6 Ne6
26. g3 Bxg3 27. fxg3 Qxg3+ 28. Kf1 Qxh3+ 29. Kg1 Qg3+ 30. Kf1 Qh3+ 31. Qg2
Qf5+ 32. Kg1 Qc5+ 33. Kf1 Qf5+ 34. Ke2 Qh5+ 35. Qf3 Qh2+ 36. Kd1 Nd8 37. Re8
Qg1+ 38. Ke2 Qh2+ 39. Kd3 Qd6+ 40. Kc2 Qd7 41. Re4 Nb7 42. Rb4 Qc8 43. Qg2
a5 44. Rb3 Qf5+ 45. Kc1 Qc8 46. Qxg7 a4 47. Rb4 c5 48. Rxa4 Qf5 49. Qf8+ Kc7
50. Qf7+ Kd6 51. Qxb7 Qf1+ {Black resigns} 1-0

[Event "ICC tourney 1970 (45 10)"]
[Site "Internet Chess Club"]
[Date "2020.08.23"]
[Round "7"]
[White "LucasW2014"]
[Black "Trex226"]
[Result "1-0"]
[ICCResult "Black checkmated"]
[WhiteElo "696"]
[BlackElo "818"]
[Opening "Queen's gambit accepted"]
[ECO "D20"]
[NIC "QG.03"]
[Time "16:02:28"]
[TimeControl "2700+10"]

1. d4 d5 2. c4 dxc4 3. e3 Nc6 4. Bxc4 Nf6 5. Nf3 Bg4 6. h3 Bf5 7. Nc3 e6 8.
O-O Bd6 9. Re1 O-O 10. e4 Na5 11. Bb3 Bg6 12. e5 Bb4 13. exf6 Qxf6 14. a3
Bd6 15. Bg5 Qf5 16. Bd2 Nxb3 17. Qxb3 Bh5 18. Qxb7 Bxf3 19. Qxf3 Qxf3 20.
gxf3 Rab8 21. b4 f5 22. f4 Rf6 23. Kg2 Rbf8 24. Nb5 Rh6 25. Nxa7 Rff6 26.
Nb5 Rfg6+ 27. Kh2 Be7 28. Nxc7 Bf6 29. a4 Bxd4 30. a5 Bxf2 31. Rxe6 Rxe6 32.
Nxe6 Rxe6 33. a6 Re7 34. b5 Re2 35. Ra2 Bb6+ 36. Kg3 Kf8 37. a7 Bxa7 38.
Rxa7 Rxd2 39. b6 Rb2 40. b7 Rxb7 41. Rxb7 Ke8 42. Rxg7 Kf8 43. Rxh7 Kg8 44.
Rh5 Kf8 45. Rxf5+ Kg8 46. Kg4 Kg7 47. Kg5 Kh7 48. Ra5 Kg7 49. Ra7+ Kf8 50.
Kg6 Ke8 51. Kf6 Kd8 52. Ke6 Kc8 53. Kd6 Kb8 54. Rg7 Kc8 55. Rf7 Kb8 56. Kc6
Ka8 57. Kb6 Kb8 58. Rf8# {Black checkmated} 1-0

[Event "ICC tourney 1970 (45 10)"]
[Site "Internet Chess Club"]
[Date "2020.08.23"]
[Round "7"]
[White "RohithRV199"]
[Black "RoPac"]
[Result "1/2-1/2"]
[ICCResult "Game drawn because neither player has mating material"]
[WhiteElo "858"]
[BlackElo "690"]
[Opening "Giuoco Piano"]
[ECO "C50"]
[NIC "IG.02"]
[Time "16:02:33"]
[TimeControl "2700+10"]

1. e4 e5 2. Nf3 Nc6 3. Bc4 Bc5 4. O-O Nf6 5. Nc3 O-O 6. d3 d6 7. h3 Be6 8.
Bb3 Re8 9. Be3 Bb6 10. Re1 Qd7 11. d4 exd4 12. Nxd4 Ne5 13. Nxe6 fxe6 14.
Bd4 Bxd4 15. Qxd4 Nc6 16. Qd3 Na5 17. e5 Nxb3 18. axb3 Nh5 19. exd6 cxd6 20.
Qb5 Nf6 21. Qxd7 Nxd7 22. Nb5 Rec8 23. c3 Rc6 24. Rxe6 Nc5 25. Rxd6 Rxd6 26.
Nxd6 Nxb3 27. Re1 Nc5 28. Re8+ Rxe8 29. Nxe8 Na4 30. b4 Nxc3 31. Nd6 b6 32.
Nc8 a5 33. bxa5 bxa5 34. Nb6 a4 35. Nc4 Nb1 36. Kf1 Kf7 37. Ke2 Ke6 38. Kd3
a3 39. Kc2 a2 40. Kb2 Nc3 41. Ne3 Ke5 42. Nc2 Nd1+ 43. Kxa2 Nxf2 44. Kb2 Kf4
45. Kc3 Kg3 46. Ne1 Ne4+ 47. Kd4 Nf2 48. Ke3 Nxh3 49. gxh3 Kxh3 50. Kf4 h6
51. Kf5 g5 52. Kg6 g4 53. Kxh6 g3 54. Kg5 Kh2 55. Kg4 g2 56. Kf5 g1=Q 57.
Nf3+ Kg2 58. Nxg1 {Game drawn because neither player has mating material}
1/2-1/2

[Event "ICC tourney 1970 (45 10)"]
[Site "Internet Chess Club"]
[Date "2020.08.23"]
[Round "7"]
[White "bsarvagnya"]
[Black "mimzhang"]
[Result "1-0"]
[ICCResult "Black checkmated"]
[WhiteElo "1124"]
[BlackElo "961"]
[Opening "Giuoco Pianissimo: Canal variation"]
[ECO "C50"]
[NIC "IG.02"]
[Time "16:02:32"]
[TimeControl "2700+10"]

1. e4 e5 2. Nf3 Nc6 3. Bc4 Bc5 4. Nc3 Nf6 5. d3 d6 6. Bg5 h6 7. Bh4 g5 8.
Bg3 a6 9. h3 Rb8 10. Qd2 Qe7 11. Nd5 Nxd5 12. exd5 Nd4 13. Qd1 Nxf3+ 14.
Qxf3 h5 15. Qe2 Qf6 16. c3 g4 17. d4 Bb6 18. dxe5 Qe7 19. exd6 Qxe2+ 20.
Bxe2 h4 21. dxc7 Ra8 22. hxg4 Bd7 23. Rxh4 Rxh4 24. Bxh4 Bxc7 25. g5 Kf8 26.
O-O-O Bf5 27. Bd3 Bf4+ 28. Kc2 Bxd3+ 29. Rxd3 Re8 30. g6 fxg6 31. Rf3 Re4
32. Kd3 Re5 33. Rxf4+ Kg8 34. Rd4 g5 35. d6 gxh4 36. d7 Kg7 37. d8=Q Rf5 38.
Qxh4 Rf6 39. Qg5+ Rg6 40. Qe7+ Kh8 41. Qf8+ Kh7 42. Rh4+ Rh6 43. Rxh6#
{Black checkmated}
1-0

[Event "ICC tourney 1970 (45 10)"]
[Site "Internet Chess Club"]
[Date "2020.08.23"]
[Round "7"]
[White "jerryjhzhang"]
[Black "eevee11"]
[Result "0-1"]
[ICCResult "White checkmated"]
[WhiteElo "802"]
[BlackElo "721"]
[Opening "Scandinavian defense"]
[ECO "B01"]
[NIC "SD.03"]
[Time "16:03:23"]
[TimeControl "2700+10"]

1. e4 d5 2. exd5 Nf6 3. Nc3 Nxd5 4. Nxd5 Qxd5 5. c4 Qe5+ 6. Be2 Be6 7. Nf3
Qc5 8. d3 Nc6 9. O-O Nd4 10. Nxd4 Qxd4 11. Qa4+ Bd7 12. Qb4 O-O-O 13. Be3
Qf6 14. Bf3 Bc6 15. Bg4+ Kb8 16. Qa3 e6 17. Qxa7+ Kc8 18. f4 Rxd3 19. Rad1
Rxd1 20. Rxd1 Bd6 21. Qa8+ Kd7 22. Qxh8 Qxb2 23. Bf3 Bxf3 24. gxf3 Qe2 25.
Rb1 Qxe3+ 26. Kg2 Qd2+ 27. Kg1 Bc5+ 28. Kh1 Qd3 29. Rg1 Qxf3+ 30. Rg2 Qf1+
31. Rg1 Qxg1# {White checkmated} 0-1

[Event "ICC tourney 1970 (45 10)"]
[Site "Internet Chess Club"]
[Date "2020.08.23"]
[Round "7"]
[White "neelansh2489"]
[Black "Tuguldur"]
[Result "1-0"]
[ICCResult "Black checkmated"]
[WhiteElo "1135"]
[BlackElo "818"]
[Opening "QGD semi-Slav: 5.e3"]
[ECO "D45"]
[NIC "SL.08"]
[Time "16:02:41"]
[TimeControl "2700+10"]

1. d4 d5 2. c4 c6 3. Nc3 Nf6 4. Nf3 e6 5. e3 Bb4 6. Bd2 Nbd7 7. a3 Ba5 8. b4
Bc7 9. c5 b6 10. Bd3 bxc5 11. bxc5 Ba5 12. Na4 Bxd2+ 13. Qxd2 Qe7 14. O-O e5
15. Rfe1 e4 16. Ne5 exd3 17. Nxc6 Ba6 18. Nxe7 Kxe7 19. f3 h6 20. Nb2 Rab8
21. Nxd3 Bxd3 22. Qxd3 Rb7 23. Rab1 Rc7 24. a4 a5 25. Qa3 Ke6 26. Qc3 Ra8
27. Qb3 g6 28. e4 Ke7 29. exd5+ Kf8 30. d6 Rc6 31. Qb7 Rcc8 32. Qb5 Rcb8 33.
Qc6 Rc8 34. Qb5 Rcb8 35. Qe2 Re8 36. Qd2 Rec8 37. Qxh6+ Kg8 38. Re7 Rd8 39.
Qf4 Rf8 40. Qh6 Rfd8 41. Rbe1 Rab8 42. h3 Rb4 43. Qg5 Rxd4 44. c6 Rd5 45.
Qxd5 Nxd5 46. Re8+ Rxe8 47. Rxe8+ Nf8 48. d7 Nf6 49. Rxf8+ Kxf8 50. d8=Q+
Kg7 51. Qxf6+ Kxf6 52. c7 Ke7 53. c8=Q Kd6 54. Kf2 Ke7 55. Ke3 Kf6 56. Qh8+
Kg5 57. h4+ Kf5 58. g4+ Ke6 59. Ke4 f5+ 60. gxf5+ gxf5+ 61. Kf4 Kf7 62. Qe5
Kg8 63. Qe7 Kh8 64. Kg5 Kg8 65. Kg6 Kh8 66. Qh7# {Black checkmated} 1-0

[Event "ICC tourney 1970 (45 10)"]
[Site "Internet Chess Club"]
[Date "2020.08.23"]
[Round "7"]
[White "luckylol3"]
[Black "Snowzera"]
[Result "0-1"]
[ICCResult "White checkmated"]
[WhiteElo "946"]
[BlackElo "1088"]
[Opening "Sicilian: Smith-Morra gambit"]
[ECO "B21"]
[NIC "SI.48"]
[Time "16:02:52"]
[TimeControl "2700+10"]

1. e4 c5 2. d4 cxd4 3. c3 dxc3 4. Nxc3 e5 5. Nf3 Nc6 6. Bc4 Bb4 7. Qc2 Nf6
8. O-O O-O 9. Bg5 Bxc3 10. bxc3 d6 11. Rad1 Be6 12. Bb5 Bg4 13. Bxc6 bxc6
14. Rd3 d5 15. Bxf6 Qxf6 16. Re1 dxe4 17. Rxe4 Bf5 18. Re1 Rad8 19. Nxe5
Bxd3 20. Nxd3 Qg6 21. Nb4 Qxc2 22. Nxc2 Rfe8 23. Rb1 Rd2 24. Nd4 Rxa2 25.
Nxc6 Rae2 26. h3 Rc2 27. Nxa7 Rxc3 28. Nb5 Rc6 29. Nd4 Ra6 30. Rc1 h6 31.
Nb5 Re2 32. Nd4 Rea2 33. Rc8+ Kh7 34. Rc7 Rf6 35. Nf3 Ra3 36. Kh2 Ra2 37.
Kg1 Rf4 38. Re7 f6 39. Rd7 Rc4 40. Rd1 Rcc2 41. Rf1 g5 42. Nd4 Rd2 43. Nf3
Rdb2 44. Nd4 h5 45. g4 hxg4 46. hxg4 Rb4 47. Rd1 Raa4 48. Nf5 Rxg4+ 49. Kh1
Raf4 50. Rd7+ Kg8 51. Nh6+ Kf8 52. Nxg4 Rxg4 53. Ra7 f5 54. Ra8+ Kf7 55.
Ra7+ Kf6 56. Ra6+ Ke5 57. Ra5+ Kf4 58. Ra2 Kf3 59. Ra5 f4 60. Ra2 Rh4+ 61.
Kg1 Rg4+ 62. Kh1 Rh4+ 63. Kg1 Kg4 64. Ra3 Rh3 65. Ra2 Rc3 66. Kh2 Kf3 67.
Kg1 g4 68. Rb2 Rc1+ 69. Kh2 g3+ 70. fxg3 fxg3+ 71. Kh3 Rh1+ 72. Rh2 Rxh2#
{White checkmated}
0-1

[Event "ICC tourney 1970 (45 10)"]
[Site "Internet Chess Club"]
[Date "2020.08.23"]
[Round "7"]
[White "MathMonkey"]
[Black "miyzhang"]
[Result "0-1"]
[ICCResult "White checkmated"]
[WhiteElo "892"]
[BlackElo "1263"]
[Opening "Giuoco Piano: Möller (Therkatz) attack"]
[ECO "C54"]
[NIC "IG.02"]
[Time "16:02:31"]
[TimeControl "2700+10"]

1. e4 e5 2. Nf3 Nc6 3. Bc4 Bc5 4. c3 Nf6 5. d4 exd4 6. cxd4 Bb4+ 7. Nc3 Nxe4
8. O-O Bxc3 9. d5 Bf6 10. Re1 O-O 11. dxc6 Nd6 12. cxd7 Bxd7 13. Bb3 Bg4 14.
h3 Bd7 15. Bf4 Nc8 16. Re2 Nb6 17. Rd2 Qc8 18. Be3 Bc6 19. Nd4 Bd7 20. Rc2
Ba4 21. Bxa4 Nxa4 22. Rac1 c6 23. b4 Qd7 24. Rd2 Qe7 25. Qxa4 Bxd4 26. Rxd4
Kh8 27. Rdd1 f5 28. Bc5 Qf6 29. Bxf8 Rxf8 30. Qxa7 f4 31. Qxb7 f3 32. Rxc6
Qg5 33. Rc8 Qxg2# {White checkmated} 0-1

[Event "ICC tourney 1970 (45 10)"]
[Site "Internet Chess Club"]
[Date "2020.08.23"]
[Round "7"]
[White "Jaguarking"]
[Black "AJRChess2011"]
[Result "0-1"]
[ICCResult "White checkmated"]
[WhiteElo "1124"]
[BlackElo "1193"]
[Opening "Sicilian defense"]
[ECO "B30"]
[NIC "SI.31"]
[Time "16:02:31"]
[TimeControl "2700+10"]

1. e4 c5 2. Nf3 Nc6 3. Bc4 g6 4. O-O Bg7 5. Nc3 Nf6 6. Re1 O-O 7. d3 e6 8.
Bg5 h6 9. Bf4 d5 10. exd5 exd5 11. Bb5 a6 12. Bxc6 bxc6 13. d4 cxd4 14. Nxd4
Bd7 15. Qd2 c5 16. Nf3 d4 17. Ne4 Nxe4 18. Rxe4 Bc6 19. Re2 Bxf3 20. gxf3
Qd5 21. Kg2 g5 22. Bg3 g4 23. Qd3 c4 24. Qa3 d3 25. Re3 Bd4 26. Ree1 gxf3+
27. Kg1 dxc2 28. Kh1 Rfe8 29. Rg1 Re2 30. Be5+ Kh7 31. Rg7+ Kh8 32. Bxd4
Qxd4 33. Rxf7 Qd1+ 34. Rxd1 cxd1=Q# {White checkmated} 0-1

[Event "ICC tourney 1970 (45 10)"]
[Site "Internet Chess Club"]
[Date "2020.08.23"]
[Round "7"]
[White "arjunbupeshnath"]
[Black "akhilv"]
[Result "1-0"]
[ICCResult "Black checkmated"]
[WhiteElo "918"]
[BlackElo "896"]
[Opening "Sicilian: Najdorf"]
[ECO "B90"]
[NIC "SI.14"]
[Time "16:02:41"]
[TimeControl "2700+10"]

1. e4 c5 2. Nf3 d6 3. d4 cxd4 4. Nxd4 Nf6 5. Nc3 a6 6. Bd3 e5 7. Nf3 Bg4 8.
h3 Bh5 9. Bg5 Be7 10. Be2 O-O 11. O-O Nbd7 12. Qd3 Nc5 13. Qe3 Bxf3 14. Qxf3
Rc8 15. Qg3 Ncxe4 16. Nxe4 Nxe4 17. Bxe7 Nxg3 18. Bxd8 Nxf1 19. Ba5 Nd2 20.
Bxd2 Rxc2 21. Rd1 Rxb2 22. Bf3 Rc8 23. Be3 Rxa2 24. Rxd6 h6 25. Bxb7 Rb8 26.
Bxa6 Ra1+ 27. Kh2 Kf8 28. Bc5 Ke8 29. Bc4 Rc8 30. Bb5+ Ke7 31. Rc6+ Kd8 32.
Bb6+ Kd7 33. Rc1+ Kd6 34. Rxa1 Rb8 35. Ra6 Ke7 36. Bc5+ Kd8 37. Rd6+ Kc8 38.
Rb6 Rxb6 39. Bxb6 Kb7 40. Be3 Kc7 41. Bc4 Kc6 42. Bxf7 Kd7 43. g4 e4 44. Bg6
Kd6 45. Bxe4 Ke5 46. Bb1 Kd5 47. Kg3 Kc4 48. Kf4 Kc3 49. Kf5 Kb2 50. Be4 Kc3
51. Kg6 Kc4 52. Kxg7 Kb4 53. Kxh6 Kb5 54. g5 Ka4 55. g6 Kb3 56. g7 Kb2 57.
g8=Q Kc3 58. Qd5 Kb2 59. Bd4+ Kc1 60. Qb3 Kd2 61. Be3+ Ke2 62. Qc2+ Kf1 63.
f4 Ke1 64. Qf2+ Kd1 65. Qd2# {Black checkmated} 1-0

[Event "ICC tourney 1970 (45 10)"]
[Site "Internet Chess Club"]
[Date "2020.08.23"]
[Round "7"]
[White "ChezBro"]
[Black "kushagra12"]
[Result "0-1"]
[ICCResult "White checkmated"]
[WhiteElo "1016"]
[BlackElo "810"]
[Opening "Sicilian: Smith-Morra gambit"]
[ECO "B21"]
[NIC "SI.48"]
[Time "16:02:34"]
[TimeControl "2700+10"]

1. e4 c5 2. d4 cxd4 3. c3 dxc3 4. Nxc3 e6 5. Nf3 Bb4 6. a3 Bxc3+ 7. bxc3 d5
8. exd5 exd5 9. Bd3 Nf6 10. O-O O-O 11. h3 Nc6 12. Bg5 h6 13. Bh4 Bd7 14.
Rb1 Rb8 15. Bg3 Ra8 16. Rxb7 Qa5 17. Ne5 Nxe5 18. Bxe5 Bc8 19. Rb1 Qxa3 20.
Bxf6 gxf6 21. Rc1 Qd6 22. f4 f5 23. Rf3 Qg6 24. Qe1 Kh7 25. c4 Qb6+ 26. Kh2
dxc4 27. Bxc4 Qf6 28. Bd5 Rb8 29. Rc6 Qd8 30. Re3 Bb7 31. Rc5 Rg8 32. Bxb7
Rxb7 33. Rxf5 Qd7 34. Rfe5 Qd4 35. Rf3 Rb2 36. Re2 Rxe2 37. Qxe2 Qf6 38. Qe5
Qxe5 39. fxe5 Rf8 40. e6 Kg7 41. e7 Re8 42. Re3 Kf6 43. Kg3 Rxe7 44. Rf3+
Kg5 45. h4+ Kg6 46. Kh3 f5 47. Ra3 f4 48. Kg4 Rf7 49. h5+ Kg7 50. Ra6 Kh7
51. Ra5 f3 52. gxf3 Rg7+ 53. Kf5 Rg5+ 54. Kf6 Rxa5 55. Kf7 Rxh5 56. Kf6 a5
57. Kf7 a4 58. Kf6 a3 59. Kf7 a2 60. Kf6 a1=Q+ 61. Kf7 Rf5+ 62. Ke6 Qe5+ 63.
Kd7 Rf7+ 64. Kd8 Qc7+ 65. Ke8 Qe7# {White checkmated} 0-1

[Event "ICC tourney 1970 (45 10)"]
[Site "Internet Chess Club"]
[Date "2020.08.23"]
[Round "7"]
[White "RockyWang"]
[Black "tundrarules"]
[Result "1-0"]
[ICCResult "Black checkmated"]
[WhiteElo "534"]
[BlackElo "994"]
[Opening "Ruy Lopez: Berlin defense"]
[ECO "C65"]
[NIC "RL.07"]
[Time "16:02:31"]
[TimeControl "2700+10"]

1. e4 e5 2. Nf3 Nc6 3. Bb5 Nf6 4. d3 Bc5 5. Bg5 d6 6. h3 h6 7. Bh4 a6 8. Ba4
Bd7 9. O-O Nb8 10. Bb3 Be6 11. Nc3 Nc6 12. Nd5 Bxd5 13. exd5 Na5 14. c4 O-O
15. a3 c6 16. Bc2 Re8 17. b4 g5 18. Bg3 Bd4 19. Nxd4 exd4 20. bxa5 cxd5 21.
cxd5 Qxa5 22. Bxd6 Qxd5 23. Bb4 a5 24. Bd2 Rac8 25. Bb3 Qf5 26. Qf3 Qxf3 27.
gxf3 b6 28. Rfe1 Rxe1+ 29. Rxe1 Re8 30. Rxe8+ Nxe8 31. f4 gxf4 32. Bxf4 Kg7
33. Be5+ Kg6 34. Bxd4 b5 35. Bd5 Ng7 36. Bxg7 Kxg7 37. Kf1 Kf6 38. Ke1 Ke7
39. Kd2 f6 40. Kc3 Kd6 41. Kd4 f5 42. f4 a4 43. h4 h5 44. Bf7 b4 45. axb4
Kc6 46. Be8+ Kb6 47. Bxa4 Ka6 48. Kc5 Kb7 49. d4 Kc7 50. d5 Kc8 51. b5 Kc7
52. b6+ Kc8 53. d6 Kd8 54. d7 Ke7 55. b7 Ke6 56. d8=Q Kf7 57. Bb3+ Kg6 58.
Qf8 Kh7 59. Bg8+ Kh8 60. Bf7+ Kh7 61. Qg8+ Kh6 62. Qg6# {Black checkmated}
1-0

[Event "ICC tourney 1970 (45 10)"]
[Site "Internet Chess Club"]
[Date "2020.08.23"]
[Round "8"]
[White "Snowzera"]
[Black "Alexpnng"]
[Result "1-0"]
[ICCResult "Black resigns"]
[WhiteElo "1093"]
[BlackElo "1196"]
[Opening "Ruy Lopez: Berlin defense"]
[ECO "C65"]
[NIC "RL.07"]
[Time "18:32:16"]
[TimeControl "2700+10"]

1. e4 e5 2. Nf3 Nc6 3. Bb5 Nf6 4. Bxc6 dxc6 5. Nc3 Bd6 6. d4 Bg4 7. dxe5
Bxf3 8. Qxf3 Bxe5 9. Bg5 h6 10. Bxf6 Qxf6 11. Qxf6 Bxf6 12. O-O-O O-O 13.
Rhe1 Bxc3 14. bxc3 Rad8 15. e5 Rfe8 16. Rxd8 Rxd8 17. e6 Re8 18. exf7+ Kxf7
19. Rd1 Ke6 20. Kb2 Rf8 21. Rd2 Rf5 22. c4 Rc5 23. Kb3 b5 24. cxb5 cxb5 25.
Kb4 Re5 26. g3 a6 27. f4 Rd5 28. Rxd5 Kxd5 29. Ka5 Kc4 30. Kxa6 b4 31. Ka5
c5 32. Ka4 Kc3 33. Kb5 c4 34. h3 Kxc2 35. Kxc4 Kb2 36. Kxb4 Kxa2 37. Kc4 Kb2
38. Kd5 Kc3 39. Ke6 Kd3 40. Kf7 Ke3 41. Kxg7 Kf3 42. f5 {Black resigns} 1-0

[Event "ICC tourney 1970 (45 10)"]
[Site "Internet Chess Club"]
[Date "2020.08.23"]
[Round "8"]
[White "kushagra12"]
[Black "LucasW2014"]
[Result "0-1"]
[ICCResult "White resigns"]
[WhiteElo "778"]
[BlackElo "695"]
[Opening "Scotch gambit"]
[ECO "C44"]
[NIC "SO.06"]
[Time "18:32:19"]
[TimeControl "2700+10"]

1. e4 e5 2. Nf3 Nc6 3. d4 exd4 4. Bc4 Bc5 5. c3 dxc3 6. Bxf7+ Kxf7 7. Qd5+
Ke8 8. Qxc5 cxb2 9. Bxb2 Nf6 10. e5 Ne4 11. Qd5 Ng5 12. Nxg5 Qxg5 13. O-O
Rf8 14. Nc3 b6 15. Nb5 Kd8 16. Rfd1 a6 17. Nd4 Nxd4 18. Qc6 Nxc6 {White
resigns} 0-1

[Event "ICC tourney 1970 (45 10)"]
[Site "Internet Chess Club"]
[Date "2020.08.23"]
[Round "8"]
[White "eevee11"]
[Black "april2012"]
[Result "0-1"]
[ICCResult "White checkmated"]
[WhiteElo "695"]
[BlackElo "870"]
[Opening "Sicilian"]
[ECO "B56"]
[NIC "SI.25"]
[Time "18:32:20"]
[TimeControl "2700+10"]

1. e4 c5 2. Nf3 d6 3. d4 cxd4 4. Nxd4 Nf6 5. Nc3 Nc6 6. Be3 g6 7. Nxc6 bxc6
8. f3 Bg7 9. Qd2 O-O 10. O-O-O a6 11. g4 Rb8 12. h4 Qa5 13. Kb1 Be6 14. h5
Nd7 15. hxg6 Bxc3 16. Qh2 Qxa2+ 17. Kc1 Qa1# {White checkmated} 0-1

[Event "ICC tourney 1970 (45 10)"]
[Site "Internet Chess Club"]
[Date "2020.08.23"]
[Round "8"]
[White "hasinideepak"]
[Black "swiecsd"]
[Result "0-1"]
[ICCResult "White checkmated"]
[WhiteElo "322"]
[BlackElo "749"]
[Opening "Giuoco Piano"]
[ECO "C50"]
[NIC "IG.02"]
[Time "18:32:14"]
[TimeControl "2700+10"]

1. e4 e5 2. Nf3 Nc6 3. Bc4 Bc5 4. O-O Nf6 5. Nc3 O-O 6. d3 d6 7. h3 h6 8. a3
Nd4 9. b4 Nxf3+ 10. Qxf3 Bd4 11. Bb2 Be6 12. Bxe6 fxe6 13. Qg3 Nh5 14. Qg6
Nf4 15. Qg4 h5 16. Qd1 Qg5 17. g3 Qxg3+ 18. Kh1 Qg2# {White checkmated} 0-1

[Event "ICC tourney 1970 (45 10)"]
[Site "Internet Chess Club"]
[Date "2020.08.23"]
[Round "8"]
[White "piforeveryone"]
[Black "oliver-kc"]
[Result "1-0"]
[ICCResult "Black checkmated"]
[WhiteElo "1064"]
[BlackElo "446"]
[Opening "Queen's pawn: London system"]
[ECO "A45"]
[NIC "QP.07"]
[Time "18:32:18"]
[TimeControl "2700+10"]

1. d4 Nf6 2. Bf4 g6 3. Nc3 Bg7 4. e4 d6 5. Qd2 O-O 6. Bh6 Nc6 7. Bxg7 Kxg7
8. h4 Kg8 9. Nf3 Kg7 10. O-O-O Bg4 11. Qg5 h6 12. Qf4 Qd7 13. e5 Nh5 14. Qe4
Bf5 15. Qe3 e6 16. Nh2 Nb4 17. g4 Bxc2 18. Rd2 Nf6 19. exf6+ Kxf6 20. g5+
hxg5 21. hxg5+ Kg7 22. Rxc2 Nxc2 23. Kxc2 e5 24. dxe5 Qf5+ 25. Bd3 Qxe5 26.
Qh3 Qxg5 27. Ng4 Rh8 28. Qf3 Rxh1 29. Qxh1 Qxg4 30. Qxb7 Rc8 31. Qxa7 Qg2
32. Qd4+ Kg8 33. Nd5 Kf8 34. Qh8# {Black checkmated} 1-0

[Event "ICC tourney 1970 (45 10)"]
[Site "Internet Chess Club"]
[Date "2020.08.23"]
[Round "8"]
[White "Alberttheshow"]
[Black "firelionpro"]
[Result "1-0"]
[ICCResult "Black resigns"]
[WhiteElo "580"]
[BlackElo "818"]
[Opening "Giuoco Piano"]
[ECO "C53"]
[NIC "IG.02"]
[Time "18:32:23"]
[TimeControl "2700+10"]

1. e4 e5 2. Nf3 Nc6 3. Bc4 Bc5 4. c3 d6 5. d4 exd4 6. cxd4 Bb4+ 7. Bd2 Nf6
8. Nc3 O-O 9. O-O Bg4 10. Re1 Qd7 11. h3 Bxf3 12. Qxf3 Nxd4 13. Qd3 Bc5 14.
Rad1 Nc6 15. Nd5 Nxd5 16. exd5 Ne5 17. Qe4 Nxc4 18. Qxc4 Qf5 19. Qf4 Qd7 20.
Qg4 Rfe8 {Black resigns} 1-0